[ AOE2 MATCH · #505858165 ]
UnrankedJurchens vs Armenians
Player's team · LOSS
Rival team · WIN
[ REPLAY ANALYSIS · EXTRACTED FROM THE RECORDED GAME ]
Feudal
8:48
Castle
—
Imperial
—
| APM avg | 73.3 |
| APM peak | 101 |
| eAPM avg | 22.8 |
| Villagers / military | 65 / 33 |
Focus
⚔️ 34.5% · 🌾 65.5%
Scout Cavalry ×17 · Skirmisher ×9 · Archer ×6 · Spearman ×1
Feudal
9:03
Castle
—
Imperial
—
| APM avg | 82.7 |
| APM peak | 109 |
| eAPM avg | 30.3 |
| Villagers / military | 55 / 36 |
Focus
⚔️ 48.2% · 🌾 51.8%
Archer ×18 · Spearman ×9 · Scout Cavalry ×6 · Militia ×3
Match map
Initial resources + every placement click. Lines = walls · curves = elevation contours. ◆ gold · ⬟ stone · ● berries · ✦ relic · ◌ wall gap
Your base· Open — unwalled flank
OS+ | R4v3N_'s base· Open — 4t gap
Smoothed initial terrain · ◌ = detected wall gap · hover for details
Inputs per minute
— Feroker - - OS+ | R4v3N_
Build order — Feroker
First 150 of 160 actions detected
| 0:02 | Create | Villager (Male) |
| 0:03 | Build | House |
| 0:07 | Research | Loom |
| 0:08 | Create | Villager (Male) |
| 0:09 | Build | House |
| 0:11 | Create | Villager (Male) |
| 0:18 | Create | Villager (Male) |
| 0:18 | Create | Villager (Male) |
| 2:14 | Create | Villager (Male) |
| 2:14 | Create | Villager (Male) |
| 2:27 | Create | Villager (Male) |
| 2:46 | Create | Villager (Male) |
| 2:58 | Build | Lumber Camp |
| 3:19 | Create | Villager (Male) |
| 3:52 | Create | Villager (Male) |
| 3:52 | Create | Villager (Male) |
| 4:01 | Build | House |
| 4:12 | Create | Villager (Male) |
| 4:17 | Create | Villager (Male) |
| 4:19 | Create | Villager (Male) |
| 4:50 | Create | Villager (Male) |
| 5:18 | Build | Mill |
| 5:20 | Create | Villager (Male) |
| 5:42 | Create | Villager (Male) |
| 5:51 | Create | Villager (Male) |
| 6:38 | Research | Feudal Age |
| 7:49 | Build | Barracks |
| 8:05 | Create | Villager (Male) |
| 8:29 | Build | House |
| 8:48 | Age | Feudal Age |
| 8:52 | Build | Stable |
| 9:00 | Create | Villager (Male) |
| 9:12 | Create | Spearman |
| 9:27 | Create | Villager (Male) |
| 9:38 | Build | House |
| 9:39 | Create | Scout Cavalry |
| 9:40 | Create | Scout Cavalry |
| 9:51 | Create | Villager (Male) |
| 10:12 | Create | Villager (Male) |
| 10:27 | Build | Farm |
| 10:35 | Create | Villager (Male) |
| 10:47 | Create | Villager (Male) |
| 11:04 | Create | Scout Cavalry |
| 11:05 | Create | Villager (Male) |
| 11:08 | Build | Farm |
| 11:10 | Build | Farm |
| 11:15 | Build | Farm |
| 11:29 | Build | Farm |
| 11:40 | Create | Villager (Male) |
| 11:49 | Build | Farm |
| 11:52 | Create | Villager (Male) |
| 11:53 | Build | House |
| 11:59 | Build | Farm |
| 12:02 | Build | Farm |
| 12:10 | Create | Scout Cavalry |
| 12:26 | Build | Farm |
| 12:37 | Create | Villager (Male) |
| 12:44 | Create | Villager (Male) |
| 12:58 | Build | Archery Range |
| 13:02 | Create | Scout Cavalry |
| 13:14 | Create | Scout Cavalry |
| 13:23 | Create | Villager (Male) |
| 13:28 | Build | House |
| 13:32 | Create | Villager (Male) |
| 13:45 | Build | House |
| 13:53 | Create | Scout Cavalry |
| 13:54 | Create | Skirmisher |
| 13:59 | Build | House |
| 14:05 | Create | Skirmisher |
| 14:09 | Create | Villager (Male) |
| 14:20 | Research | Double-Bit Axe |
| 14:40 | Create | Villager (Male) |
| 14:50 | Create | Villager (Male) |
| 14:56 | Create | Skirmisher |
| 15:08 | Create | Skirmisher |
| 15:12 | Create | Villager (Male) |
| 15:22 | Create | Villager (Male) |
| 15:37 | Create | Villager (Male) |
| 15:45 | Create | Villager (Male) |
| 15:56 | Create | Scout Cavalry |
| 16:00 | Build | Mining Camp |
| 16:01 | Build | Blacksmith |
| 16:13 | Create | Skirmisher |
| 16:16 | Create | Skirmisher |
| 16:17 | Create | Villager (Male) |
| 16:37 | Create | Scout Cavalry |
| 16:50 | Research | Fletching |
| 16:50 | Research | Fletching |
| 16:54 | Create | Villager (Male) |
| 17:16 | Create | Skirmisher |
| 17:21 | Create | Villager (Male) |
| 17:28 | Build | Farm |
| 17:28 | Build | Farm |
| 17:29 | Build | Farm |
| 17:29 | Build | Farm |
| 17:29 | Build | Farm |
| 17:34 | Create | Scout Cavalry |
| 17:42 | Build | House |
| 17:46 | Create | Villager (Male) |
| 17:59 | Research | Bloodlines |
| 18:11 | Build | Farm |
| 18:12 | Create | Villager (Male) |
| 18:21 | Create | Villager (Male) |
| 18:23 | Build | House |
| 18:23 | Build | House |
| 18:33 | Create | Villager (Male) |
| 18:40 | Build | Mill |
| 18:41 | Build | Farm |
| 18:41 | Build | Farm |
| 18:41 | Build | Farm |
| 18:41 | Build | Farm |
| 18:42 | Build | Farm |
| 18:42 | Build | Farm |
| 18:42 | Build | Farm |
| 18:50 | Research | Scale Barding Armor |
| 18:57 | Create | Villager (Male) |
| 19:18 | Build | Farm |
| 19:20 | Create | Villager (Male) |
| 19:34 | Build | Stable |
| 19:43 | Create | Scout Cavalry |
| 19:44 | Create | Villager (Male) |
| 20:02 | Create | Scout Cavalry |
| 20:03 | Create | Villager (Male) |
| 20:08 | Build | Farm |
| 20:09 | Build | Farm |
| 20:18 | Build | Farm |
| 20:37 | Create | Villager (Male) |
| 20:38 | Create | Scout Cavalry |
| 20:48 | Create | Scout Cavalry |
| 20:55 | Build | Farm |
| 21:03 | Create | Villager (Male) |
| 21:10 | Create | Villager (Male) |
| 21:12 | Build | Archery Range |
| 21:19 | Create | Archer |
| 21:22 | Create | Archer |
| 21:25 | Create | Villager (Male) |
| 21:41 | Create | Villager (Male) |
| 21:54 | Create | Villager (Male) |
| 22:05 | Create | Archer |
| 22:06 | Create | Archer |
| 22:08 | Create | Villager (Male) |
| 22:09 | Create | Scout Cavalry |
| 22:11 | Create | Scout Cavalry |
| 22:11 | Create | Scout Cavalry |
| 22:14 | Build | Farm |
| 22:17 | Create | Villager (Male) |
| 22:19 | Build | Farm |
| 22:21 | Build | Farm |
| 22:25 | Create | Archer |
| 22:31 | Build | Farm |
Build order — OS+ | R4v3N_
First 150 of 154 actions detected
| 0:00 | Create | Villager (Male) |
| 0:00 | Create | Villager (Male) |
| 0:00 | Create | Villager (Male) |
| 0:01 | Create | Villager (Male) |
| 0:02 | Build | House |
| 0:02 | Build | House |
| 0:04 | Research | Loom |
| 0:05 | Create | Villager (Male) |
| 0:05 | Create | Villager (Male) |
| 0:05 | Create | Villager (Male) |
| 0:13 | Create | Villager (Male) |
| 1:30 | Create | Villager (Male) |
| 1:51 | Create | Villager (Male) |
| 2:08 | Create | Villager (Male) |
| 2:09 | Create | Villager (Male) |
| 2:38 | Create | Villager (Male) |
| 2:47 | Create | Villager (Male) |
| 3:21 | Build | Mule Cart |
| 3:29 | Create | Villager (Male) |
| 3:29 | Create | Villager (Male) |
| 3:54 | Build | House |
| 4:11 | Create | Villager (Male) |
| 4:11 | Create | Villager (Male) |
| 4:42 | Create | Villager (Male) |
| 5:32 | Build | House |
| 5:50 | Create | Villager (Male) |
| 5:50 | Create | Villager (Male) |
| 6:04 | Build | Barracks |
| 6:38 | Build | House |
| 6:53 | Research | Feudal Age |
| 6:53 | Research | Feudal Age |
| 7:09 | Create | Militia |
| 7:30 | Create | Militia |
| 7:31 | Create | Militia |
| 7:38 | Build | Mule Cart |
| 7:50 | Create | Spearman |
| 8:50 | Create | Villager (Male) |
| 9:03 | Age | Feudal Age |
| 9:04 | Create | Spearman |
| 9:26 | Create | Villager (Male) |
| 9:30 | Build | House |
| 9:32 | Build | Mill |
| 9:43 | Create | Villager (Male) |
| 10:13 | Create | Villager (Male) |
| 10:30 | Build | Archery Range |
| 10:31 | Build | Farm |
| 10:42 | Create | Villager (Male) |
| 10:42 | Create | Villager (Male) |
| 10:50 | Build | Farm |
| 11:00 | Build | Farm |
| 11:22 | Build | Farm |
| 11:23 | Create | Archer |
| 11:31 | Create | Villager (Male) |
| 11:52 | Build | Farm |
| 11:53 | Create | Villager (Male) |
| 11:54 | Create | Archer |
| 12:16 | Research | Double-Bit Axe |
| 12:26 | Create | Villager (Male) |
| 12:27 | Create | Villager (Male) |
| 12:34 | Build | Palisade Wall |
| 12:43 | Create | Archer |
| 12:43 | Create | Archer |
| 12:54 | Build | Palisade Wall |
| 12:54 | Create | Villager (Male) |
| 12:54 | Create | Villager (Male) |
| 12:57 | Build | Palisade Wall |
| 12:59 | Build | Palisade Wall |
| 13:09 | Build | Palisade Wall |
| 13:12 | Create | Villager (Male) |
| 13:16 | Build | Farm |
| 13:18 | Create | Archer |
| 13:19 | Create | Villager (Male) |
| 13:25 | Build | House |
| 13:34 | Build | Palisade Wall |
| 13:43 | Build | Farm |
| 13:46 | Create | Archer |
| 13:47 | Create | Villager (Male) |
| 13:56 | Build | House |
| 14:22 | Build | Blacksmith |
| 14:38 | Create | Archer |
| 14:44 | Create | Villager (Male) |
| 14:59 | Research | Fletching |
| 15:12 | Create | Villager (Male) |
| 15:18 | Build | Stable |
| 15:20 | Create | Spearman |
| 15:23 | Build | Palisade Wall |
| 15:24 | Build | Palisade Wall |
| 15:31 | Create | Villager (Male) |
| 15:47 | Create | Spearman |
| 15:47 | Create | Spearman |
| 15:56 | Create | Archer |
| 15:58 | Build | Farm |
| 16:02 | Create | Villager (Male) |
| 16:04 | Create | Archer |
| 16:14 | Build | Farm |
| 16:15 | Build | Farm |
| 16:16 | Create | Villager (Male) |
| 16:33 | Build | Farm |
| 16:33 | Create | Scout Cavalry |
| 16:36 | Create | Archer |
| 16:41 | Build | House |
| 16:45 | Create | Archer |
| 16:54 | Create | Scout Cavalry |
| 17:20 | Create | Villager (Male) |
| 17:20 | Create | Villager (Male) |
| 17:24 | Create | Scout Cavalry |
| 17:27 | Build | Farm |
| 17:28 | Build | Farm |
| 17:31 | Build | House |
| 17:54 | Build | Farm |
| 17:57 | Create | Villager (Male) |
| 17:58 | Create | Archer |
| 17:58 | Create | Archer |
| 18:01 | Build | House |
| 18:04 | Build | Palisade Wall |
| 18:05 | Build | Palisade Wall |
| 18:09 | Create | Archer |
| 18:18 | Create | Scout Cavalry |
| 18:23 | Create | Villager (Male) |
| 18:23 | Create | Villager (Male) |
| 18:25 | Create | Spearman |
| 18:40 | Build | Farm |
| 18:42 | Build | Farm |
| 18:44 | Build | House |
| 18:55 | Create | Scout Cavalry |
| 18:58 | Create | Villager (Male) |
| 19:04 | Create | Archer |
| 19:12 | Build | Palisade Wall |
| 19:13 | Build | Palisade Wall |
| 19:17 | Build | Palisade Wall |
| 19:18 | Create | Villager (Male) |
| 19:32 | Create | Scout Cavalry |
| 19:35 | Create | Archer |
| 19:57 | Create | Spearman |
| 20:03 | Create | Villager (Male) |
| 20:14 | Research | Pikeman (upgrade) |
| 20:23 | Create | Villager (Male) |
| 20:35 | Create | Villager (Male) |
| 20:36 | Build | House |
| 20:37 | Build | House |
| 20:42 | Build | Farm |
| 21:04 | Create | Archer |
| 21:25 | Research | Bloodlines |
| 21:28 | Build | Farm |
| 21:30 | Build | Farm |
| 21:31 | Create | Villager (Male) |
| 21:48 | Create | Spearman |
| 21:58 | Create | Spearman |
| 22:05 | Create | Villager (Male) |
| 22:06 | Create | Villager (Male) |
Match timeline
| 6:04 | OS+ | R4v3N_ · first_building Barracks |
| 7:49 | Feroker · first_building Barracks |
| 8:48 | Feroker · age_up feudal |
| 8:52 | Feroker · first_building Stable |
| 9:03 | OS+ | R4v3N_ · age_up feudal |
| 10:30 | OS+ | R4v3N_ · first_building Archery Range |
| 12:34 | OS+ | R4v3N_ · wall_segment Palisade Wall x4 |
| 12:54 | OS+ | R4v3N_ · wall_segment Palisade Wall x2 |
| 12:57 | OS+ | R4v3N_ · wall_segment Palisade Wall x2 |
| 12:58 | Feroker · first_building Archery Range |
| 12:59 | OS+ | R4v3N_ · wall_segment Palisade Wall x1 |
| 13:09 | OS+ | R4v3N_ · wall_segment Palisade Wall x3 |
| 13:34 | OS+ | R4v3N_ · wall_segment Palisade Wall x2 |
| 15:18 | OS+ | R4v3N_ · first_building Stable |
| 15:23 | OS+ | R4v3N_ · wall_segment Palisade Wall x1 |
| 15:24 | OS+ | R4v3N_ · wall_segment Palisade Wall x1 |
| 18:04 | OS+ | R4v3N_ · wall_segment Palisade Wall x5 |
| 18:05 | OS+ | R4v3N_ · wall_segment Palisade Wall x3 |
| 19:12 | OS+ | R4v3N_ · wall_segment Palisade Wall x8 |
| 19:13 | OS+ | R4v3N_ · wall_segment Palisade Wall x1 |
| 19:17 | OS+ | R4v3N_ · wall_segment Palisade Wall x13 |
| 23:38 | Feroker · resign |
[ AI ANALYSIS · 1 CREDIT ]
What really happened in this match?
Wolo.gg analyzes every decision: build order, eco, micro, common mistakes by bracket. Personalized analysis on WhatsApp or Discord in 30 seconds.
Civ guide
Jurchens
Perfil
Jugador #228725